 Dungeon Crawl Stone Soup version 0.29-a0-360-g8ed1089bbe (webtiles) character file.

Game seed: 15953396828011074954

56 klau3 the Poker (level 3, 0/33 HPs)
             Began as a Minotaur Berserker on Apr 28, 2022.
             Was a Believer of Trog.
             Succumbed to an adder's poison
             ... on level 2 of the Dungeon.
             The game lasted 00:06:31 (1717 turns).

klau3 the Poker (Minotaur Berserker)                Turns: 1717, Time: 00:06:32

Health: 0/33       AC:  5    Str: 23    XL:     3   Next: 71%
Magic:  2/2        EV: 11    Int: 10    God:    Trog [**....]
Gold:   72         SH:  0    Dex:  9    Spells: 2/2 levels left

rFire   . . .      SeeInvis .   a - +0 spear
rCold   . . .      Faith    .   (no shield)
rNeg    . . .      Spirit   .   f - +0 ring mail
rPois   .          Reflect  .   (helmet restricted)
rElec   .          Harm     .   (no cloak)
rCorr   .          Rampage  .   (no gloves)
Will    .....                   (no boots)
Stlth   ..........              (no amulet)
HPRegen 0.11/turn               j - +6 ring of intelligence
MPRegen 0.08/turn               (no ring)

@: lethally poisoned (0 -> -12)
A: horns 2, retaliatory headbutt
a: Renounce Religion, Berserk, Trog's Hand


You were on level 2 of the Dungeon.
You worshipped Trog.
Trog was pleased with you.
You visited 1 branch of the dungeon, and saw 2 of its levels.

You collected 72 gold pieces.

Inventory:

Hand Weapons
 a - a +0 spear (weapon)
 s - a +0 hunting sling
Missiles
 e - 93 stones (quivered)
 i - 2 poisoned darts
Armour
 b - a +0 animal skin
 d - a +0 robe
 f - a +0 ring mail (worn)
 n - a +0 ring mail
Jewellery
 j - a +6 ring of intelligence (left hand)
Scrolls
 c - a scroll of magic mapping {unknown}
 g - a scroll of summoning {unknown}
 h - a scroll of identify {unknown}
 k - a scroll of holy word {unknown}
 p - a scroll of enchant weapon {unknown}
 q - a scroll of teleportation {unknown}
 r - a scroll of noise {unknown}
Potions
 l - a potion of haste {unknown}
 m - 2 potions of curing {unknown}
 o - a potion of heal wounds {unknown}


   Skills:
 + Level 4.0 Fighting
 + Level 4.6 Polearms
 + Level 3.1 Armour
 + Level 2.7 Dodging
 + Level 0.1 Stealth


You had 2 spell levels left.
You didn't know any spells.
Your spell library contained the following spells:

 Spells                   Type           Power      Damage    Failure   Level
 Magic Dart               Conj           0%         1d3       52%         1
 Searing Ray              Conj           0%         2d4       65%         2
 Fulminant Prism          Conj/Hex       0%         3d6       99%         4


Dungeon Overview and Level Annotations

Branches:
Dungeon (2/15)

Altars:


Innate Abilities, Weirdness & Mutations

You have a pair of horns on your head.
You reflexively headbutt those who attack you in melee.


Message History

The adder is lightly wounded.
The adder bites you.
You hit the adder. Your headbutt misses the adder.
The adder is lightly wounded.
The adder bites you.
You barely miss the adder.
The adder is lightly wounded.
The adder bites you.
You are poisoned.
The adder poisons you! The adder bites you.
You are more poisoned.
The adder poisons you!
You closely miss the adder. Your headbutt misses the adder.
The adder is lightly wounded.
You feel very sick. The adder bites you but does no damage.
You hit the adder.
The adder is severely wounded.
You feel sick. The adder bites you.
You are lethally poisoned!
The adder poisons you!
You hit the adder.
The adder is severely wounded.
You feel sick. The adder bites you but does no damage.
You barely miss the adder. Your headbutt misses the adder.
The adder is severely wounded.
* * * LOW HITPOINT WARNING * * *
You feel very sick. The adder bites you.
* * * LOW HITPOINT WARNING * * *
You are more poisoned.
The adder poisons you!
You miss the adder.
The adder is severely wounded.
* * * LOW HITPOINT WARNING * * *
You feel very sick. The adder bites you but does no damage.
You hit the adder.
The adder is almost dead.
You die...

### .... ###
.... ##### #..
#..#####...#
#.#
#.)S@.....$#
#.#
.....>#####...#
#.# ...## ##.##
#.# # #.# #.#
#.# #.# #.# #.#
#.# #.# # ##'##
#.# #..
##.##...##
##.#### #..
...#.....##
##...#.## #.#


You could see an adder.

Vanquished Creatures
  2 worms (D:1)
  A dart slug (D:2)
  5 ball pythons
  5 endoplasms
  5 giant cockroaches
  3 goblins
  A hobgoblin (D:1)
  3 jackals (D:1)
  3 quokkas (D:1)
  A bat (D:1)
  4 frilled lizards
  3 kobolds
  8 rats
44 creatures vanquished.

Vanquished Creatures (others)
  A fungus (D:1)
  2 plants (D:1)
3 creatures vanquished.

Grand Total: 47 creatures vanquished

Notes
Turn   | Place    | Note
-------+----------+-------------------------------------------
     0 | D:1      | klau3 the Minotaur Berserker began the quest for the Orb.
     0 | D:1      | Reached XP level 1. HP: 19/19 MP: 0/0
     1 | D:1      | Found a runed translucent door.
   485 | D:1      | Reached XP level 2. HP: 20/27 MP: 1/1
   813 | D:1      | Found a faded altar of an unknown god.
   967 | D:1      | Reached ** piety under Trog
   968 | D:1      | Reached XP level 3. HP: 32/33 MP: 2/2
  1717 | D:2      | Succumbed to an adder's poison

Illustrated notes

Levels and vault maps discovered:
D:1:      dpeg_arrival_caged_fury, layout_basic,
          dreamdust_ecumenical_altar_grove
D:2:      layout_loops_corners

Skill      XL: |  1  2  3 |
---------------+----------+-----
Polearms       | 4 |  4.6
Fighting       | 4 |  4.0
Armour         | 3 |  3.1
Dodging        | |  2.7
Stealth        | |  0.1

Action                   || total
-------------------------++-------
Melee: Spear             ||   111
       Headbutt          ||    16
       Punch             ||     1
Throw: Stone             ||     1
Armor: Robe              ||     6
       Ring mail         ||    32
       Animal skin       ||     1
Dodge: Dodged            ||    63

Table legend: (Time is in decaauts)
 A = Elapsed time spent in this place.
 B = Non-inter-level travel time spent in this place.
 C = Inter-level travel time spent in this place.
 D = Time resting spent in this place.
 E = Time spent auto-exploring this place.
 F = Levels seen in this place.
 G = Mean time per level.
                   A        B        C        D        E       F      G
               +--------+--------+--------+--------+--------+-----+--------+
         Total |   1702 |   1640 |     62 |    341 |     62 |   2 |  851.0 |
       Dungeon |   1702 |   1640 |     62 |    341 |     62 |   2 |  851.0 |
               +--------+--------+--------+--------+--------+-----+--------+

Top non-repeatable levels by time:
     D:1: 1058 daAuts
     D:2: 644 daAuts
